Cogmind - Beta 15 @@@ ROGUE MODE // 2025.07.22 @ 14:34:55 Player: beans Result: Destroyed by B-75 Beast with Magnetic Acceleration Cannon Performance ------------- Evolutions (4) 2000 Regions Visited (10) 2000 Robots Destroyed (102) 510 Value Destroyed (2722) 2722 Prototype IDs (27) 540 Alien Tech Used (0) 0 Bonus (1815) 1815 TOTAL SCORE: 9587 Bonus ------- High Alert Combat Kills 194 Follower Combat Kills 808 Entered Garrisons 200 Used RIF Installer 500 Aligned with FarCom 300 Friendly Fire -187 Cogmind --------- Core Integrity 0/850 Matter 29/300 Energy 0/100 System Corruption 7% Temperature Warm (132) Movement Core (150) Ox2 Location -6/Factory Parts ------- > --- POWER (2) -------- (None) > --- PROPULSION (4) --- (None) > --- UTILITY (5) ------ (None) > --- WEAPON (4) ------- Plasma Cannon > --- INVENTORY (5) ---- Advanced Visual Processing Unit Advanced Targeting Computer Drone Bay (2/2) Heavy Plasma Cannon Field Lobotomy Kit (4) Peak State ------------ > --- POWER ------------ Cooled Ion Engine Cooled Ion Engine > --- PROPULSION ------- Light Treads Light Treads > --- UTILITY ---------- Medium Storage Unit Improved Signal Interpreter Target Analyzer Matter Filter Improved Shield Generator > --- WEAPON ----------- Heavy Plasma Cannon Advanced Assault Cannon Advanced Assault Cannon Rocket Launcher > --- INVENTORY -------- Launcher Guidance Computer Insulated Plating Drone Bay Plasma Cannon Phase Cannon Heavy Plasma Cannon Rocket Launcher Rocket Launcher Field Lobotomy Kit [Rating: 42] Favorites ----------- Power Cooled Ion Engine Engine Cooled Ion Engine Propulsion Light Treads Treads Light Treads Leg Aluminum Leg Hover Unit Gravmag Array Utility Medium Storage Unit Device Improved Shield Generator Storage Medium Storage Unit Processor Target Analyzer Protection Core Shielding Weapon Advanced Assault Cannon Energy Cannon Heavy Plasma Cannon Ballistic Gun Light Assault Rifle Ballistic Cannon Advanced Assault Cannon Launcher Rocket Launcher Special Weapon Field Lobotomy Kit Build | -11 -10 -10 -10 -9 -8 -8 -8 -8 -8 -6 ------- Run | Yrd Mat Min Exi Min Mat Sto Gar Rec Scr Fac Slots Evolved 8 | . . . . . 4 . . . . 4 Power 1 | . . . . . 1 . . . . . Propulsion 2 | . . . . . . . . . . 2 Utility 3 | . . . . . 2 . . . . 1 Weapon 2 | . . . . . 1 . . . . 1 Parts Attached 43 | 4 3 7 1 2 9 2 3 . . 12 Power 6 | 1 . 1 . . 1 2 . . . 1 Engine 6 | 1 . 1 . . 1 2 . . . 1 Core . | . . . . . . . . . . . Reactor . | . . . . . . . . . . . Propulsion 8 | 2 . 2 . 2 . . 1 . . 1 Treads 5 | 2 . . . 2 . . 1 . . . Leg 2 | . . 2 . . . . . . . . Wheel . | . . . . . . . . . . . Hover 1 | . . . . . . . . . . 1 Flight . | . . . . . . . . . . . Utility 11 | . 1 2 1 . 3 . 1 . . 3 Device 5 | . . 2 . . 1 . . . . 2 Storage 2 | . 1 . 1 . . . . . . . Processor 2 | . . . . . 1 . 1 . . . Hackware . | . . . . . . . . . . . Protection 2 | . . . . . 1 . . . . 1 Artifact . | . . . . . . . . . . . Weapon 18 | 1 2 2 . . 5 . 1 . . 7 Energy Gun . | . . . . . . . . . . . Energy Cannon 4 | . . . . . . . . . . 4 Ballistic Gun 4 | 1 . . . . 1 . . . . 2 Ballistic Cannon 5 | . 2 1 . . 2 . . . . . Launcher 4 | . . 1 . . 1 . 1 . . 1 Special Weapon 1 | . . . . . 1 . . . . . Impact Weapon . | . . . . . . . . . . . Slashing Weapon . | . . . . . . . . . . . Piercing Weapon . | . . . . . . . . . . . Special Melee Weapon . | . . . . . . . . . . . Unidentified Prototypes 4 | . . 1 . . . 1 . . . 2 Parts Lost 29 | . 1 1 . 1 4 1 1 . . 20 Power 3 | . . . . . 1 . . . . 2 Propulsion 6 | . 1 1 . . . 1 . . . 3 Utility 7 | . . . . . 1 . . . . 6 Weapon 13 | . . . . 1 2 . 1 . . 9 Highest Loss Streak 11 | . 1 1 . 1 3 1 1 . . 11 To Critical Strikes 1 | . . . . . . . . . . 1 Average Backups 7 | . 4 7 7 8 6 7 7 7 9 8 Power 1 | . . . 1 1 . 1 2 2 1 . Propulsion . | . . . . . . . . . . . Utility 1 | . . . . . . 1 . 1 3 3 Weapon 4 | . 4 6 6 5 3 4 3 3 3 4 Tool/Special . | . . . . . . . . . . . Unused Backups 8 | 1 2 . 1 . . . . . . 4 Power 2 | 1 . . 1 . . . . . . . Propulsion . | . . . . . . . . . . . Utility 3 | . . . . . . . . . . 3 Weapon 3 | . 2 . . . . . . . . 1 Tool/Special . | . . . . . . . . . . . Average Slot Usage (%) 90 | . 69 90 100 99 75 92 93 100 100 51 Engine 15 | . 14 14 14 14 7 18 18 18 18 7 Treads 13 | . 23 2 . 4 18 11 13 18 18 3 Leg 5 | . . 22 28 23 . . . . . . Device 7 | . . 8 14 14 3 9 9 9 9 3 Storage 9 | . 6 14 14 14 9 9 9 9 9 5 Processor 10 | . . . . . 8 9 14 18 18 8 Protection 1 | . . . . . 6 9 3 . . 1 Ballistic Gun 1 | . 2 . . . 6 9 4 . . . Ballistic Cannon 18 | . 22 21 28 19 15 18 18 18 18 3 Launcher 4 | . . 5 . 7 . . 2 9 9 1 Peak Build Rating 42 | 4 6 18 14 15 25 27 31 31 33 42 Average Rating 23 | 3 5 10 13 14 16 26 28 31 32 32 On Entrance 18 | . 4 6 13 14 14 25 27 31 31 33 Naked Turns . | . . . . . . . . . . . Heaviest Build 59 | 6 16 20 24 25 40 44 46 46 46 59 Greatest Support 40 | 40 40 20 20 40 40 40 40 40 40 40 Greatest Overweight (x) 9 | 1 . 5 1 8 . 2 2 1 1 9 Average Overweight (x) . | . . . . . . 1 1 1 1 1 Largest Inventory Capacity 10 | 5 8 8 10 10 10 10 10 10 10 10 Average Capacity 9 | 5 6 8 8 10 10 10 10 10 10 9 Most Carried 10 | 3 7 8 8 10 9 8 8 7 10 10 Average Carried 7 | . 4 7 7 8 6 7 7 7 9 8 Final Capacity 10 | 5 8 8 10 10 10 10 10 10 10 5 Final Carried 10 | . 7 7 8 8 6 8 7 7 10 5 Class Distribution -------------------- 23% | Gunner 22% | Skirmisher 20% | Mutant 17% | Scavenger-Mutant 9% | Commander-Tank Dominant Class ---------------- Mutant | -10/Materials Scavenger-Mutant | -10/Mines Scavenger-Mutant | -10/Exiles Scavenger-Mutant | -9/Mines Mutant | -8/Materials Commander-Tank | -8/Storage Commander-Tank | -8/Garrison Skirmisher | -8/Recycling Gunner | -8/Scraptown Mutant | -6/Factory Resources | -11 -10 -10 -10 -9 -8 -8 -8 -8 -8 -6 ----------- Run | Yrd Mat Min Exi Min Mat Sto Gar Rec Scr Fac Matter Collected 2476 | 144 562 441 . 79 208 466 297 242 . 37 Remotely . | . . . . . . . . . . . Salvage Created 3069 | . 482 547 . 69 456 320 447 446 . 302 Parts 189 | . 35 30 . 10 25 15 26 22 . 26 Haulers Intercepted 3 | . 1 . . . . 2 . . . . Recyclers Shooed 5 | . . . . . 1 . . 2 . 2 Parts Field Recycled . | . . . . . . . . . . . Retrieved Matter . | . . . . . . . . . . . Parts Self-Destructed . | . . . . . . . . . . . Prevented . | . . . . . . . . . . . Kills | -11 -10 -10 -10 -9 -8 -8 -8 -8 -8 -6 ------- Run | Yrd Mat Min Exi Min Mat Sto Gar Rec Scr Fac Combat Hostiles Destroyed 63 | . 9 15 . 5 6 4 12 3 . 9 Guns 1 | . 1 . . . . . . . . . Cannons 37 | . 8 4 . 3 4 4 6 3 . 5 AOE 24 | . . 11 . 2 2 . 6 . . 3 Classes Destroyed 14 | . 8 2 . . 2 . 1 . . 1 Worker 8 | . 2 3 . . . . . . . 3 Builder 7 | . 2 2 . . 1 1 . . . 1 Tunneler 2 | . . 2 . . . . . . . . Hauler 3 | . 1 . . . . 2 . . . . Recycler 14 | . 3 3 . . 2 1 . 5 . . Operator 3 | . 1 . . . 1 1 . . . . Watcher 7 | . 2 . . . 3 1 . . . 1 Swarmer 20 | . 5 3 . 4 . 2 3 . . 3 Grunt 22 | . 4 3 . 1 4 3 2 . . 5 Brawler 4 | . . . . . . . 4 . . . Sentry 7 | . . . . . 2 . 1 3 . 1 Specialist 3 | . . . . . 1 . 2 . . . Programmer 1 | . . . . . . . . . . 1 Assembled 9 | . . 9 . . . . . . . . Thug 1 | . . 1 . . . . . . . . Best Kill Streak 11 | . 8 6 . 3 9 3 6 4 . 11 Combat Bots Only 7 | . 4 6 . 3 3 2 6 2 . 7 Max Kills in Single Turn 4 | . 2 3 . 2 3 2 4 1 . 3 Gunslinging . | . . . . . . . . . . . Exploded 4 | . . 3 . 2 1 . 4 . . 1 Melee . | . . . . . . . . . . . Uniques/NPCs Destroyed . | . . . . . . . . . . . Combat | -11 -10 -10 -10 -9 -8 -8 -8 -8 -8 -6 -------- Run | Yrd Mat Min Exi Min Mat Sto Gar Rec Scr Fac Hostile Shots Fired 421 | . 84 24 . 14 46 31 14 . . 208 Missed 102 | . 22 4 . 3 17 7 4 . . 45 Hits 319 | . 62 20 . 11 29 24 10 . . 163 Melee 3 | . . . . . . . . . . 3 Projectile 316 | . 62 20 . 11 29 24 10 . . 160 Critical Strikes 8 | . . . . . 1 . . . . 7 Damage Taken 4600 | . 609 367 . 93 454 207 138 . . 2732 Core 1141 | . 104 74 . 10 36 19 44 . . 854 Absorbed by Shields 157 | . . . . . . 80 51 . . 26 Redirected to Shielding 15 | . . . . . 3 4 8 . . . Ignored by Resistances 44 | . . 23 . . . . . . . 21 Core Remaining (%) 68 | 100 . . . 24 . . . . 82 . Volleys Fired 311 | . 106 31 . 12 44 24 32 12 . 50 Largest 4 | . 2 2 . 2 3 2 2 2 . 4 Hottest 203 | . 60 63 . 60 93 80 80 80 . 203 Shots Fired 493 | . 163 54 . 16 71 32 60 24 . 73 Gun 56 | . 49 . . . 5 . . . . 2 Cannon 411 | . 114 46 . 15 60 32 58 24 . 62 Launcher 25 | . . 8 . 1 5 . 2 . . 9 Special 1 | . . . . . 1 . . . . . Kinetic 423 | . 163 46 . 15 65 32 58 24 . 20 Thermal 44 | . . . . . . . . . . 44 Explosive 25 | . . 8 . 1 5 . 2 . . 9 Electromagnetic . | . . . . . . . . . . . Robot Hit Streak 9 | . 7 9 . 2 5 4 7 5 . 7 Robot Miss Streak 6 | . 6 4 . 3 4 3 4 1 . 4 Penetration Max 1 | . . . . . . . . . . 1 Secondary Targets . | . . . . . . . . . . . Shots Hit Robots 243 | . 87 27 . 6 37 12 36 15 . 23 Core Hits 148 | . 25 30 . 5 27 10 23 7 . 21 Critical Kills 2 | . . . . . . . . . . 2 Critical Parts Destroyed . | . . . . . . . . . . . Critical Strikes 14 | . 2 1 . . 2 3 2 1 . 3 Meltdown 2 | . . . . . . . . . . 2 Blast 12 | . 2 1 . . 2 3 2 1 . 1 Melee Attacks . | . . . . . . . . . . . Impact . | . . . . . . . . . . . Slashing . | . . . . . . . . . . . Piercing . | . . . . . . . . . . . Sneak Attacks . | . . . . . . . . . . . Combat Hostiles . | . . . . . . . . . . . Follow-up Attacks . | . . . . . . . . . . . Damage Inflicted 7688 | . 1270 1124 . 239 1151 549 1385 430 . 1540 Guns 341 | . 262 . . . 15 . . . . 64 Cannons 4973 | . 1008 477 . 104 634 549 1025 430 . 746 Explosions 2367 | . . 647 . 135 502 . 360 . . 723 Melee . | . . . . . . . . . . . Ramming 7 | . . . . . . . . . . 7 Kinetic 4768 | . 1270 477 . 104 649 549 1025 430 . 264 Thermal 653 | . . . . . . . . . . 653 Explosive 2260 | . . 647 . 135 502 . 360 . . 616 Electromagnetic . | . . . . . . . . . . . Impact . | . . . . . . . . . . . Slashing . | . . . . . . . . . . . Piercing . | . . . . . . . . . . . Highest Corruption 7 | . . . . . . . . . . 7 Average Corruption 7 | . . . . . . . . . . 7 Corruption Purged . | . . . . . . . . . . . Corruption Blocked . | . . . . . . . . . . . Overload Shots . | . . . . . . . . . . . Overflow Damage 152 | . 7 5 . . . 20 25 4 . 91 Projectiles 117 | . 7 . . . . 20 25 4 . 61 Explosions 35 | . . 5 . . . . . . . 30 Melee . | . . . . . . . . . . . Knockbacks 35 | . 9 2 . . 6 2 7 6 . 3 Impact . | . . . . . . . . . . . Kinetic 33 | . 8 2 . . 6 2 6 6 . 3 Secondary 2 | . 1 . . . . . 1 . . . Self-Inflicted Damage 255 | . . 159 . . 38 . . . . 58 Shots 8 | . . 5 . . 1 . . . . 2 Rammed 1 | . . . . . . . . . . 1 Targets Rammed 1 | . . . . . . . . . . 1 Kicked . | . . . . . . . . . . . Crushed . | . . . . . . . . . . . Highest Temperature 678 | . 45 45 . 18 90 36 45 9 . 678 Average Temperature 83 | . 14 10 . 6 37 10 10 3 . 196 Received Heat Transfer 1388 | . 171 65 . 12 162 42 54 . . 882 Effects 21 | . . . . . . . . . . 21 Shutdowns 1 | . . . . . . . . . . 1 Energy Bleed 3 | . . . . . . . . . . 3 Interference 4 | . . . . . . . . . . 4 Matter Decay 4 | . . . . . . . . . . 4 Short Circuit 1 | . . . . . . . . . . 1 Damage (minor) 3 | . . . . . . . . . . 3 Damage (major) 2 | . . . . . . . . . . 2 Damage (core) 3 | . . . . . . . . . . 3 Siege Activations . | . . . . . . . . . . . Martial Activations . | . . . . . . . . . . . Shielding Activations . | . . . . . . . . . . . Robots Disrupted . | . . . . . . . . . . . Combat Hostiles . | . . . . . . . . . . . Robots Corrupted . | . . . . . . . . . . . Combat Hostiles . | . . . . . . . . . . . Parts Fried . | . . . . . . . . . . . Impact Corruptions . | . . . . . . . . . . . Robots Melted 2 | . . . . . . . . . . 2 Combat Hostiles 1 | . . . . . . . . . . 1 Parts Melted 3 | . . . . . . . 1 . . 2 Heat Transferred 898 | . . . . . . . . . . 898 Parts Sabotaged . | . . . . . . . . . . . Parts Stolen . | . . . . . . . . . . . Parts Stripped . | . . . . . . . . . . . Power Chain Reactions . | . . . . . . . . . . . Alert | -11 -10 -10 -10 -9 -8 -8 -8 -8 -8 -6 ------- Run | Yrd Mat Min Exi Min Mat Sto Gar Rec Scr Fac Maximum Alert Level 3 | . . . . . . 2 3 2 . 1 Low Security (%) 59 | 100 100 100 . 100 100 23 . 53 . 28 Level 1 22 | . . . . . . 53 14 37 . 71 Level 2 10 | . . . . . . 23 42 9 . . Level 3 6 | . . . . . . . 43 . . . Level 4 . | . . . . . . . . . . . Level 5 . | . . . . . . . . . . . High Security . | . . . . . . . . . . . Max Security . | . . . . . . . . . . . Peak Influence 1017 | . 101 90 . 148 174 452 1017 457 . 318 Initial 457 | . . 4 . . 28 57 267 457 . . Average 216 | . 33 17 . 53 123 300 659 196 . 198 Influence Increases 3476 | . 288 252 . 226 408 691 880 98 . 633 Destroy 0b10 Robot/C 1700 | . 180 120 . 160 180 320 500 60 . 180 Destroy 0b10 Robot/NC 245 | . 55 50 . . 40 30 20 25 . 25 Destroy Leader 342 | . 46 20 . 30 68 106 20 . . 52 Allied During Kill 471 | . . . . 30 17 226 187 6 . 5 Successful Hack 7 | . 7 . . . . . . . . . Disable Machine 135 | . . . . . 60 . . . . 75 Anti-Garrison Action 250 | . . . . . . . 100 . . 150 Destroy Structure 206 | . . 62 . 6 43 9 23 7 . 56 Lose Combat Pursuer 120 | . . . . . . . 30 . . 90 Influence Decreases 3276 | . 277 263 . 152 344 417 275 1115 . 433 Entered New Map 839 | . . 7 . . 46 81 145 560 . . Time Decay 1979 | . 272 246 . 142 238 286 . 555 . 240 Lost Part 277 | . 5 10 . 10 40 10 10 . . 192 Lost Ally 181 | . . . . . 20 40 120 . . 1 Squads Dispatched 13 | . 1 . . . 4 1 . . . 7 Investigation . | . . . . . . . . . . . Extermination 1 | . . . . . . . . . . 1 Reinforcement 9 | . 1 . . . 4 1 . . . 3 Assault 2 | . . . . . . . . . . 2 Garrison 1 | . . . . . . . . . . 1 Intercept . | . . . . . . . . . . . Searches Triggered . | . . . . . . . . . . . Construction Impeded 4 | . . . . . 1 . . . . 3 Haulers Reinforced . | . . . . . . . . . . . Active Scanning Responses . | . . . . . . . . . . . Cargo Convoy Interrupts . | . . . . . . . . . . . Stealth | -11 -10 -10 -10 -9 -8 -8 -8 -8 -8 -6 --------- Run | Yrd Mat Min Exi Min Mat Sto Gar Rec Scr Fac Distress Signals 11 | . 1 1 . . 4 1 . . . 4 Communications Jammed . | . . . . . . . . . . . Distress Signals . | . . . . . . . . . . . Times Spotted 129 | . 17 18 . 7 16 18 22 2 . 29 Peak Tracking Total 12 | . 4 8 . 4 3 4 4 2 . 12 Tactical Retreats 5 | . . . . . . . 2 . . 3 Traps | -11 -10 -10 -10 -9 -8 -8 -8 -8 -8 -6 ------- Run | Yrd Mat Min Exi Min Mat Sto Gar Rec Scr Fac Traps Triggered 8 | . . . . . . . 8 . . . Indirectly . | . . . . . . . . . . . Trap Hack Attempts . | . . . . . . . . . . . Triggered . | . . . . . . . . . . . Disarmed . | . . . . . . . . . . . Reprogrammed . | . . . . . . . . . . . Reused . | . . . . . . . . . . . Traps Extracted . | . . . . . . . . . . . Installed . | . . . . . . . . . . . Triggered . | . . . . . . . . . . . Machines | -11 -10 -10 -10 -9 -8 -8 -8 -8 -8 -6 ---------- Run | Yrd Mat Min Exi Min Mat Sto Gar Rec Scr Fac Machines Disabled 12 | . . . . . 4 . 2 . . 6 Max in Single Turn 4 | . . . . . 1 . 1 . . 4 Garrison Access 1 | . . . . . . . . . . 1 Garrison Relay 2 | . . . . . . . 2 . . . Machines Repaired . | . . . . . . . . . . . Machines Dismantled . | . . . . . . . . . . . Machines Sabotaged . | . . . . . . . . . . . Overloaded Fab Kills . | . . . . . . . . . . . Hacking | -11 -10 -10 -10 -9 -8 -8 -8 -8 -8 -6 --------- Run | Yrd Mat Min Exi Min Mat Sto Gar Rec Scr Fac Machines Accessed 8 | . 2 . 3 . . 1 . . 2 . Terminals 2 | . 2 . . . . . . . . . Fabricators . | . . . . . . . . . . . Repair Stations . | . . . . . . . . . . . Recycling Units . | . . . . . . . . . . . Scanalyzers . | . . . . . . . . . . . Garrison Access 1 | . . . . . . 1 . . . . Total Hacks 56 | . 4 . 33 . . 1 . . 18 . Successful 54 | . 2 . 33 . . 1 . . 18 . Failed 2 | . 2 . . . . . . . . . Catastrophic . | . . . . . . . . . . . Database Lockouts . | . . . . . . . . . . . Manual 2 | . . . 1 . . 1 . . . . Terminals 4 | . 4 . . . . . . . . . Fabricators . | . . . . . . . . . . . Repair Stations . | . . . . . . . . . . . Recycling Units . | . . . . . . . . . . . Scanalyzers . | . . . . . . . . . . . Garrison Access 1 | . . . . . . 1 . . . . Terminal Hacks 53 | . 2 . 33 . . . . . 18 . Record 50 | . . . 32 . . . . . 18 . Patrol Status 1 | . 1 . . . . . . . . . Zone Layout 1 | . 1 . . . . . . . . . Proto ID Catalog 1 | . . . 1 . . . . . . . Fabricator Hacks . | . . . . . . . . . . . Repair Station Hacks . | . . . . . . . . . . . Recycling Unit Hacks . | . . . . . . . . . . . Scanalyzer . | . . . . . . . . . . . Garrison Access Hacks 1 | . . . . . . 1 . . . . Unlock Access 1 | . . . . . . 1 . . . . Unauthorized Hacks . | . . . . . . . . . . . Terminals . | . . . . . . . . . . . Fabricators . | . . . . . . . . . . . Repair Stations . | . . . . . . . . . . . Recycling Units . | . . . . . . . . . . . Scanalyzers . | . . . . . . . . . . . Garrison Access . | . . . . . . . . . . . Data Cores Recovered 1 | . . . . . . 1 . . . . Used . | . . . . . . . . . . . Hacking Detections 1 | . 1 . . . . . . . . . Full Trace Events . | . . . . . . . . . . . Feedback Events . | . . . . . . . . . . . Feedback Blocked . | . . . . . . . . . . . Robot Schematics Acquired . | . . . . . . . . . . . Robots Built . | . . . . . . . . . . . Authchips . | . . . . . . . . . . . Time . | . . . . . . . . . . . Total Robot Build Rating . | . . . . . . . . . . . Part Schematics Acquired . | . . . . . . . . . . . Parts Built . | . . . . . . . . . . . Authchips . | . . . . . . . . . . . Time . | . . . . . . . . . . . Total Part Build Rating . | . . . . . . . . . . . Parts Repaired . | . . . . . . . . . . . Time . | . . . . . . . . . . . Parts Recycled . | . . . . . . . . . . . Recycled Matter . | . . . . . . . . . . . Retrieved Matter . | . . . . . . . . . . . Retrieved Components . | . . . . . . . . . . . Parts Scanalyzed . | . . . . . . . . . . . Part Schematics Acquired . | . . . . . . . . . . . Parts Damaged . | . . . . . . . . . . . Bothacking | -11 -10 -10 -10 -9 -8 -8 -8 -8 -8 -6 ------------ Run | Yrd Mat Min Exi Min Mat Sto Gar Rec Scr Fac Used RIF Installer 1 | . . . . . . . 1 . . . Robots Hacked . | . . . . . . . . . . . Non-combat . | . . . . . . . . . . . Combat . | . . . . . . . . . . . Robot Hacks Applied . | . . . . . . . . . . . Relay Couplers Released 10 | . . . . . . . 9 . . 1 Machine Destruction 10 | . . . . . . . 9 . . 1 Fabnet Peak Effective % . | . . . . . . . . . . . Robots Rewired . | . . . . . . . . . . . Allies Hacked . | . . . . . . . . . . . Hacks Repelled . | . . . . . . . . . . . Allies | -11 -10 -10 -10 -9 -8 -8 -8 -8 -8 -6 -------- Run | Yrd Mat Min Exi Min Mat Sto Gar Rec Scr Fac Total Allies 15 | . . 4 . . 1 10 . . . . Largest Group 11 | . . 3 3 3 3 11 8 2 2 2 Highest-Rated Group 263 | . . 40 40 40 90 263 215 104 104 104 Highest-Rated Ally 90 | . . 31 16 16 90 90 90 90 90 90 Total Orders . | . . . . . . . . . . . Ally Attacks 199 | . . 3 . 14 21 88 72 . . 1 Total Damage 2889 | . . 41 . 120 489 1308 931 . . . Kills 35 | . . 2 . 3 5 12 13 . . . Allies Corrupted . | . . . . . . . . . . . Allies Melted . | . . . . . . . . . . . Field Lobotomies 1 | . . . . . 1 . . . . . Intel | -11 -10 -10 -10 -9 -8 -8 -8 -8 -8 -6 ------- Run | Yrd Mat Min Exi Min Mat Sto Gar Rec Scr Fac Active Infowar (turns) 2 | . . 1 . . . . . . . 1 Sensors 1 | . . 1 . . . . . . . . A.S.S. 1 | . . . . . . . . . . 1 Robot Analysis Total . | . . . . . . . . . . . Derelict Logs Recovered 4 | . . 1 . 3 . . . . . . Drone Launches . | . . . . . . . . . . . Drone Recoveries . | . . . . . . . . . . . Exploration | -11 -10 -10 -10 -9 -8 -8 -8 -8 -8 -6 ------------- Run | Yrd Mat Min Exi Min Mat Sto Gar Rec Scr Fac Turns Passed 10409 | 65 1050 957 726 468 508 638 1160 1709 2411 717 Spaces Moved 4682 | 42 480 652 566 218 221 222 381 680 996 224 Core 28 | 13 . 7 . 1 . . . . . 7 Treads 3173 | 29 480 72 . 27 221 222 381 680 996 65 Legs 1329 | . . 573 566 190 . . . . . . Wheels . | . . . . . . . . . . . Hover 152 | . . . . . . . . . . 152 Flight . | . . . . . . . . . . . Fastest Speed 50 | 50 160 120 120 160 160 160 240 240 240 110 Average Speed 195 | 134 160 126 123 187 160 258 272 240 240 176 Slowest Speed 500 | 160 160 300 190 450 160 320 320 240 240 500 Overloaded Moves . | . . . . . . . . . . . Propulsion Burnouts . | . . . . . . . . . . . Robots Hopped . | . . . . . . . . . . . Potential Cave-ins . | . . . . . . . . . . . Cave-ins Triggered . | . . . . . . . . . . . Exploration Rate (%) 54 | 4 62 92 92 62 20 46 52 98 57 9 Regions Visited 10 Branch Regions 6 Pre-discovered Areas 2 | . . . 1 1 . . . . . . Known Exits Taken 4 | . . . . . 1 1 . 1 1 . Unknown Exits Taken 5 | 1 1 1 1 1 . . . . . . Scrap Searched 11 | . . 3 . 1 . . . . 7 . Spaces Dug 14 | . . . . . 2 . . . . 12 Terrain Destroyed 212 | . . 75 . 6 35 8 22 6 . 60 Melee . | . . . . . . . . . . . Projectile 44 | . . . . . 7 8 . 6 . 23 AOE 168 | . . 75 . 6 28 . 22 . . 37 Terrain Rammed . | . . . . . . . . . . . Walls Destroyed . | . . . . . . . . . . . Machines Disabled . | . . . . . . . . . . . Actions | -11 -10 -10 -10 -9 -8 -8 -8 -8 -8 -6 --------- Run | Yrd Mat Min Exi Min Mat Sto Gar Rec Scr Fac Total 5482 | 51 609 729 594 261 308 252 447 734 1019 478 Wait 353 | . 9 28 13 24 26 2 16 43 15 177 Move 4672 | 41 479 651 565 217 220 222 379 679 995 224 Hop . | . . . . . . . . . . . Pick Up 49 | 5 10 4 2 2 6 2 2 . 6 10 Fast Attach 5 | . 1 3 . 1 . . . . . . Attach 34 | 4 1 3 . 2 9 . 3 . . 12 Detach 1 | . . . . . 1 . . . . . Swap 14 | . 1 5 1 1 2 2 . . . 2 Drop 17 | 1 2 4 2 2 . . 1 . 3 2 Fire 311 | . 106 31 . 12 44 24 32 12 . 50 Melee . | . . . . . . . . . . . Ram 1 | . . . . . . . . . . 1 Kick . | . . . . . . . . . . . Crush . | . . . . . . . . . . . Escape Stasis 14 | . . . . . . . 14 . . . Rewire 11 | . . . 11 . . . . . . . Trap . | . . . . . . . . . . . Miscellaneous . | . . . . . . . . . . . Route ------- -11/Scrapyard -10/Materials (discovered 3 exits: *Mat x2 / [*Min]) -10/Mines (discovered 4 exits: *Mat x2 / *Exi / [*Sub]) -10/Exiles -9/Mines -8/Materials -8/Storage (discovered 2 exits: [*Fac] / Gar) -8/Garrison (discovered 2 exits: *Rec x2) -8/Recycling (discovered 2 exits: *Fac / *Scr) -8/Scraptown -6/Factory History --------- Turn | Location | Event 9 | -11/Scrapyard | Discovered new exit (range 15) 66 | -11/Scrapyard | Entered Materials 318 | -10/Materials | Build established: Mutant 569 | -10/Materials | Discovered new exit (range 16) 930 | -10/Materials | Discovered new exit (range 9) 1092 | -10/Materials | Discovered new exit (range 15) 1116 | -10/Materials | Entered Mines 1168 | -10/Mines | Found a hidden stash of uninstalled traps 1192 | -10/Mines | Identified exit to Materials 1257 | -10/Mines | Core integrity fell below 50% 1285 | -10/Mines | Escorted by a lone wolf Derelict 1347 | -10/Mines | A weapon hastily lodged in a ceiling crevice suddenly fell to the ground 1356 | -10/Mines | Assembled infested the area 1666 | -10/Mines | Found a damaged Exp. Sensor Array with a note attached 1680 | -10/Mines | Found Prototype Device 1680 | -10/Mines | Identified Exp. Sensor Array 1781 | -10/Mines | Assisted by bots powering up and referring to "LRC-V3" 1799 | -10/Mines | Discovered exit to Materials (range 8) 1807 | -10/Mines | Build established: Scavenger-Mutant 2009 | -10/Mines | Discovered new exit (range 6) 2056 | -10/Mines | Deemed a non-threat by the Exiles lab entrance 2056 | -10/Mines | Discovered new exit (range 5) 2073 | -10/Mines | Entered Exiles 2073 | -10/Exiles | Accompanied by 3 allies 2106 | -10/Exiles | Met 8R-AWN 2128 | -10/Exiles | Met EX-HEX 2166 | -10/Exiles | Met EX-BIN 2185 | -10/Exiles | Aligned with FarCom system 2187 | -10/Exiles | Given EX-Vault access code 2227 | -10/Exiles | Opened EX-Vault 2236 | -10/Exiles | Found Field Lobotomy Kit 2258 | -10/Exiles | Warned to stay clear of 0b10 Research branches 2352 | -10/Exiles | Met EX-DEC 2389 | -10/Exiles | Visited The Gauntlet 2706 | -10/Exiles | Learned location of Zion (-6) 2780 | -10/Exiles | Discovered new exit (range 10) 2799 | -10/Exiles | Left Exiles lab with Field Lobotomy Kit 2799 | -10/Exiles | Entered Mines 2799 | -9/Mines | Accompanied by 3 allies 2921 | -9/Mines | Learned location of 1 exit from Lower Caves 3146 | -9/Mines | Discovered new exit (range 3) 3161 | -9/Mines | Joined a pair of Derelicts in attacking an 0b10 outpost 3267 | -9/Mines | Entered Materials 3267 | -8/Materials | Accompanied by 3 allies 3267 | -8/Materials | Evolved 4 slots: Power x1, Utility x2, Weapon x1 3268 | -8/Materials | Identified exit to Storage 3360 | -8/Materials | Assimilated H-61 Shepherd with FLK Orb 3362 | -8/Materials | Lost 3 allies 3431 | -8/Materials | Lost 3 parts (1p2w) 3775 | -8/Materials | Entered Storage 3775 | -8/Storage | Accompanied by 1 ally 3862 | -8/Storage | Assisted by bots powering up and referring to "LRC-V3" 4169 | -8/Storage | Build established: Commander-Tank 4330 | -8/Storage | Discovered new exit (range 14) 4413 | -8/Storage | Identified exit to Garrison 4413 | -8/Storage | Entered Garrison 4413 | -8/Garrison | Accompanied by 8 allies 4577 | -8/Garrison | Triggered checkpoint 4581 | -8/Garrison | Triggered checkpoint 4651 | -8/Garrison | Triggered checkpoint 4699 | -8/Garrison | Triggered checkpoint 4826 | -8/Garrison | Discovered new exit (range 13) 4881 | -8/Garrison | Identified exit to Recycling 5011 | -8/Garrison | Triggered checkpoint 5070 | -8/Garrison | Garrison Relay disabled 5079 | -8/Garrison | Garrison Relay disabled 5398 | -8/Garrison | Installed Relay Interface Framework 5458 | -8/Garrison | Discovered exit to Recycling (range 10) 5573 | -8/Garrison | Entered Recycling 5573 | -8/Recycling | Accompanied by 2 allies 5587 | -8/Recycling | Build established: Skirmisher 6227 | -8/Recycling | Discovered new exit (range 11) 6260 | -8/Recycling | Identified exit to Factory 7180 | -8/Recycling | Scanned before Scraplab entrance 7240 | -8/Recycling | Entered Scraplab 7264 | -8/Recycling | Discovered new exit (range 2) 7264 | -8/Recycling | Identified exit to Scraptown 7282 | -8/Recycling | Entered Scraptown 7282 | -8/Scraptown | Accompanied by 2 allies 7378 | -8/Scraptown | Visited Comm Corps 7412 | -8/Scraptown | Heard Great Nut preacher, LISTEN AND RECITE! 7436 | -8/Scraptown | Visited Cave Peace 7563 | -8/Scraptown | Visited Cyclists 7582 | -8/Scraptown | Build established: Gunner 7646 | -8/Scraptown | Turned away by UFD registrar 7646 | -8/Scraptown | Turned away by UFD registrar 7692 | -8/Scraptown | Visited Assassins FH 7836 | -8/Scraptown | Visited Bundlers 8066 | -8/Scraptown | Visited Spacefarers 9212 | -8/Scraptown | Discovered exit to Factory (range 9) 9372 | -8/Scraptown | Visited SPCMW 9693 | -8/Scraptown | Entered Factory 9693 | -6/Factory | Accompanied by 2 allies 9693 | -6/Factory | Evolved 4 slots: Propulsion x2, Utility x1, Weapon x1 9915 | -6/Factory | Core integrity fell below 50% 9925 | -6/Factory | Found Prototype Device 9926 | -6/Factory | Identified Active Sensor Suite 9939 | -6/Factory | Destroyed 7 combat bots 9944 | -6/Factory | Lost 11 parts (1p2n3u5w) 10202 | -6/Factory | Build established: Mutant 10405 | -6/Factory | Core integrity fell below 20% 10410 | -6/Factory | Destroyed by B-75 Beast with Magnetic Acceleration Cannon Last Messages --------------- U-05 Engineer works on Construction Platform. K-01 Serf collects debris. U-05 Engineer works on Construction Platform. K-01 Serf collects debris. Acquired Adv. Visual Processing Unit. Acquired Adv. Targeting Computer. W-25 Informer sends out distress signal. Gravmag Array destroyed. U-05 Engineer suffers critical hit (Burn). Critical hit (Smash). Imp. Signal Interpreter destroyed. Med. Storage Unit destroyed. Phase Cannon destroyed. System corrupted by crushing effect (+2). System corrupted by crushing effect (+1). System corrupted by crushing effect (+4). Imp. Heavy Machine Gun destroyed. Knocked back. K-01 Serf cleans the Fusion Modulator. Map ----- +----------------------------------------------------+ | ?????????????????????????????????????????????????? | | ?????????????????????????????????????????????????? | | ?????????????????????????????????????????????????? | | ?????????????????????????????????????????????????? | | ?????????????????????????????????????????????????? | | ?????????????????????????????????????????????????? | | ?????????????????????????????????????????????????? | | ?????????????????????????????????????????????????? | | ?????????????????????????????????????????????????? | | ?????????????????????????????????????????????????? | | ???????????????????????? ?????????????????????? | | ???????????????????????? ???????????????????? | | ??????????????????###### ????????????????? | | ???????????????? ??????????????? | | ????????????o?? ????????????? | | ??????????????? g ]] ????????????? | | ???????????????"" g] ???????????? | | ??????????????""" ]% ??????????? | | ???????????????"" ????????? | | ???????????????? ???????? | | ?????????????????? ^ ???????? | | ??????????????????? ^ ??????? | | ????????????????????# !!!k""" ??????? | | ????????????????????# !!! """ ?????? | | ????????????????????# !!! """u ??????? | | ????????????????????# @ ?????? | | ????????????????????+ %!!u u ??????? | | ????????????????????# b u #??????????? | | ????????????????????# m #??????????? | | ????????????????????# gug ## #??????????? | | ????????????????????# ########?? #??????????? | | ????????????????????# Hg# #??????????????? | | ????????????????????# gg # #??????????????? | | ????????????????????# g + !! !#??????????????? | | ????????????????????# u # % #??????????????? | | ????????????????????# # #??????????????? | | ?????????????????#??# #" """ #??????????????? | | ?????????????????# ?# #" """ #??????????????? | | ?????????????????# ?# % #" """ #??????????????? | | ????????????????## ## k #T #??????????????? | | ?????????######## #" """ +??????????????? | | ????????? #" """ #??????????????? | | ????????? #" "??????????????????? | | ???????? ![/ """" # ??????????????????? | | ???????? ![/ " " ####??????????????????? | | ???????T [[/ " "" #?????????????????????? | | ???????" "" " #?????????????????????? | | ???? "" """" #?????????????????????? | | ??# """ #?????????????????????? | | ??# """ #?????????????????????? | +----------------------------------------------------+ Best States ------------- Heat Dissipation 37 Energy Generation 41 Energy Capacity 460 Matter Stores 300 Matter Capacity 300 Sight Range 16 Terrain Scan Density 10 Armor Coverage 150 Resistance: EX 25 Resistance: EM 15 Core Shielding 20 Evasion (%) 55 Target Analysis 5 Recoil Reduction 2 Matter Filtering 30 Item Schematics ----------------- None Robot Schematics ------------------ None Fabricated ------------ Nothing Repaired ---------- Nothing Alien Tech Used ----------------- None Achievements -------------- None Challenges ------------ None Game ------ Seed KineticNovaJammer Manual? 0 Play Time 00:52:12 Cumulative 64.6 hours Start 2025.07.22 @ 13:34:15 End 2025.07.22 @ 14:34:55 Sessions 1 Manual Loads 0 Difficulty Rogue Special Mode None Game No. 271 Rogue 271 Adventurer 0 Explorer 0 Win Type - Total 0 Types 0/0/0/0/0/0/0/0/0/0 Lore% 43 Gallery% 31 Achievement% 25 Wizard Run 0 Options --------- Layout 2 ASCII 0 Keyboard 0 Movement Mouse Keybinds 0 Fullscreen 1 Font 24/Terminus Map View 50x44 Zoom Use 0% Tactical HUD 0 Map Filters NONE Filters NONE Steam 1 RUN: c6b882dd-266c-47b0-ab75-44d7222aeb39